 Dungeon Crawl Stone Soup version 0.20.1-1-g8b1a95d (webtiles) character file.

74 Inarius the Grave Robber (level 4, 0/35 HPs)
             Began as a Hill Orc Necromancer on July 3, 2017.
             Slain by a gnoll
             ... wielding a +0 spear
              (2 damage)
             ... on level 2 of the Dungeon.
             The game lasted 00:07:53 (2775 turns).

Inarius the Grave Robber (Hill Orc Necromancer)     Turns: 2775, Time: 00:07:53

Health: 0/35       AC:  4    Str: 10    XL:     4   Next: 28%
Magic:  0/6        EV: 11    Int: 16    God:
Gold:   128        SH:  0    Dex: 11    Spells: 1/6 levels left

rFire    + . .     SeeInvis .   f - +0 short sword
rCold    + . .     Gourm    .   (no shield)
rNeg     . . .     Faith    .   h - +0 leather armour (curse)
rPois    .         Spirit   .   (no helmet)
rElec    .         Reflect  .   d - scarf {rC+ rF+}
rCorr    .         Harm     .   l - +0 pair of gloves
MR       .....                  (no boots)
Stlth    +.........             (no amulet)
Regen    0.2/turn               (no ring)
MPRegen  0.1/turn               (no ring)

@: no status effects
A: no striking features
a: no special abilities


You were on level 2 of the Dungeon.
You were not hungry.

You visited 1 branch of the dungeon, and saw 2 of its levels.

You collected 128 gold pieces.

Inventory:

Hand Weapons
 f - a +0 short sword (weapon)
Missiles
 j - a stone (quivered)
Armour
 d - a scarf of resistance (worn)
 h - a cursed +0 leather armour (worn)
 l - a +0 pair of gloves (worn)
 q - a +0 scale mail
Scrolls
 e - 2 scrolls of teleportation {unknown}
 g - a scroll of magic mapping {unknown}
 m - 2 scrolls of identify {unknown}
 n - a scroll of enchant weapon {unknown}
 r - a scroll of blinking {unknown}
 t - a scroll of immolation {unknown}
Potions
 a - a potion of agility {unknown}
 i - a potion of might
 k - 2 potions of haste
 p - 2 potions of curing {unknown}
 s - a potion of berserk rage {unknown}
Books
 b - a book of Necromancy

   Spells                             Type                      Level
   a - Pain                           Necromancy                   1
   b - Animate Skeleton               Necromancy                   1
   c - Vampiric Draining              Necromancy                   3
   d - Regeneration                   Charms/Necromancy            3
   e - Animate Dead                   Necromancy                   4
   f - Control Undead                 Necromancy                   4
Comestibles
 c - a bread ration
 o - 5 fruits
 u - a meat ration
 v - 2 chunks of flesh


   Skills:
 * Level 1.3 Fighting
 - Level 0.6 Short Blades
 * Level 1.8 Armour
 - Level 1.5 Dodging
 - Level 1.5 Stealth
 + Level 1.9 Spellcasting
 * Level 4.7 Necromancy


You had one spell level left.
You knew the following spells:

 Your Spells              Type           Power        Failure   Level  Hunger
a - Pain                  Necr           ###.         4%          1    #......
b - Animate Skeleton      Necr           N/A          4%          1    #......
c - Regeneration          Chrm/Necr      #.........   30%         3    ###....


Dungeon Overview and Level Annotations

Branches:
Dungeon (2/15)

Altars:
The Shining One


Message History

Aiming: Pain
Press: ? - help, Shift-Dir - straight line, f/p - gnoll
Aim: a gnoll, wielding a spear (heavily wounded, chance to defeat MR: 81%)
The gnoll writhes in agony!
The gnoll closely misses you. The gnoll hits you with a spear.
* * * LOW HITPOINT WARNING * * *
You completely miss the gnoll.
The gnoll is severely wounded.
The gnoll misses you.
You closely miss the gnoll.
The gnoll is severely wounded.
The gnoll hits you with a spear.
* * * LOW HITPOINT WARNING * * *
Casting: Pain
Confirm with . or Enter, or press ? or * to list all spells.
Aiming: Pain
Press: ? - help, Shift-Dir - straight line, f/p - gnoll
Aim: a gnoll, wielding a spear (severely wounded, chance to defeat MR: 81%)
The gnoll writhes in agony!
The gnoll hits you with a spear.
You die...

#.#####################
#(# #.# #.# #%# #.#
##### #.####### #...#
#.#$%#..# #...#
#.#!..@## #...#
#Z##.g.†# #...#
#.)#.#.## #...#
#.####..# #...#
#..#.##'# #...#
#..Z.Z..# #...#
######### #.... ####.
#.


You could see a gnoll.

Vanquished Creatures
  2 adders
  An ooze (D:2)
  2 worms (D:2)
  A dart slug (D:1)
  A leopard gecko (D:2)
  4 bats
  2 giant cockroaches
  4 goblins
  6 hobgoblins
  A quokka (D:2)
  A frilled lizard (D:2)
  5 kobolds
  2 rats (D:2)
32 creatures vanquished.

Vanquished Creatures (collateral kills)
  An adder (D:2)
  A hobgoblin (D:2)
  A quokka (D:2)
  A frilled lizard (D:2)
4 creatures vanquished.

Grand Total: 36 creatures vanquished

Notes
Turn   | Place    | Note
-------+----------+-------------------------------------------
     0 | D:1      | Inarius the Hill Orc Necromancer began the quest for the Orb.
     0 | D:1      | Reached XP level 1. HP: 14/14 MP: 3/3
   486 | D:1      | Learned a level 1 spell: Animate Skeleton
   777 | D:1      | Reached XP level 2. HP: 20/20 MP: 2/4
   882 | D:1      | Reached skill level 1 in Armour
  1275 | D:1      | Reached XP level 3. HP: 16/27 MP: 0/5
  2174 | D:2      | Reached skill level 1 in Fighting
  2242 | D:2      | Reached XP level 4. HP: 16/35 MP: 1/6
  2484 | D:2      | Learned a level 3 spell: Regeneration
  2606 | D:2      | Found a glowing golden altar of the Shining One.
  2775 | D:2      | Slain by a gnoll

Skill      XL: |  1  2  3 |
---------------+----------+-----
Armour         | 1 |  1.8
Fighting       | 1 |  1.3
Short Blades   | |  0.6
Dodging        | |  1.5
Stealth        | |  1.5
Spellcasting   | |  1.9
Necromancy     | |  4.7

Action                   |  1- 3 |  4- 6 || total
-------------------------+-------+-------++-------
Melee: Short sword       |    52 |    12 ||    64
Throw: Stone             |     8 |       ||     8
 Cast: Pain              |    53 |    14 ||    67
       Animate Skeleton  |     7 |     4 ||    11
  Eat: Chunk             |     5 |     2 ||     7
Armor: Leather armour    |    38 |     8 ||    46
Dodge: Dodged            |    63 |    14 ||    77
